 Dungeon Crawl Stone Soup version 0.29-a0-1027-gcd8c55af63 (webtiles) character file.

Game seed: 15555335155454188846

43 MisterAzrael the Grave Robber (level 3, -3/24 HPs)
             Began as a Mummy Necromancer on Aug 13, 2022.
             Slain by a worm (5 damage)
             ... on level 2 of the Dungeon.
             The game lasted 00:02:07 (1046 turns).

MisterAzrael the Grave Robber (Mummy Necromancer)   Turns: 1046, Time: 00:02:07

Health: -3/24      AC:  3    Str: 11    XL:     3   Next: 37%
Magic:  2/8        EV: 12    Int: 16    God:
Gold:   59         SH:  0    Dex: 12    Spells: 5/9 levels left

rFire   x . .      SeeInvis .   e - staff of air
rCold   + . .      Faith    .   (no shield)
rNeg    + + +      Spirit   .   a - +1 robe
rPois   ∞          Reflect  .   (no helmet)
rElec   +          Harm     .   (no cloak)
rCorr   .          Rampage  .   (no gloves)
Will    .....                   (no boots)
Stlth   ++........              (no amulet)
HPRegen 0.08/turn               (no ring)
MPRegen 0.11/turn               (no ring)

@: no status effects
A: cold resistance 1, negative energy resistance 3, torment resistance 2, heat
vulnerability 1, in touch with death 1, no potions
a: no special abilities


You were on level 2 of the Dungeon.
You visited 1 branch of the dungeon, and saw 3 of its levels.

You collected 59 gold pieces.

Inventory:

Armour
 a - a +1 robe (worn)
Magical Staves
 e - a staff of air (weapon)


   Skills:
 - Level 1.5 Dodging
 - Level 1.5 Stealth
 + Level 3.5 Spellcasting
 * Level 4.8 Necromancy


You had 5 spell levels left.
You knew the following spells:

 Your Spells              Type           Power      Damage    Failure   Level
a - Necrotise             Necr           100%       1d9       2%          1
b - Vampiric Draining     Necr           27%        2d7       7%          3

Your spell library contained the following spells:

 Spells                   Type           Power      Damage    Failure   Level
 Animate Dead             Necr           27%        N/A       24%         4
 Agony                    Necr           27%        N/A       54%         5


Dungeon Overview and Level Annotations

Branches:
Dungeon (3/15)

Altars:

Annotations:
D:1 1 transporter


Innate Abilities, Weirdness & Mutations

You are immune to poison.
Your flesh is cold resistant. (rC+)
You are immune to negative energy. (rN+++)
You are immune to unholy pain and torment.
You are vulnerable to heat. (rF-)
You are in touch with the powers of death.
You do not drink.


Message History

As you read the scroll labelled YSAYMEYCIUMN, it crumbles to dust.
It is a scroll of enchant armour.
Your +0 robe glows green for a moment.
The air fills with toxic fumes!
As you read the scroll of poison, it crumbles to dust.
The worm barely misses you.
Really attack while wielding nothing? [Y]es or [N]o only, please.
Really attack while wielding nothing? [Y]es or [N]o only, please.
Really attack while wielding nothing? [Y]es or [N]o only, please.
Really attack while wielding nothing? [Y]es or [N]o only, please.
Really attack while wielding nothing?
You hit the worm.
The worm is lightly wounded.
The worm bites you.
* * * LOW HITPOINT WARNING * * *
You hit the worm but do no damage.
The worm is lightly wounded.
The worm misses you.
Unknown command.
e - a staff of air (weapon)
You hit the worm.
The worm is lightly wounded.
The worm misses you.
You hit the worm.
The worm is moderately wounded.
You hit the worm.
The worm is heavily wounded.
The worm closely misses you.
You hit the worm but do no damage.
The worm is moderately wounded.
The worm bites you.
* * * LOW HITPOINT WARNING * * *
You hit the worm.
The worm is heavily wounded.
The worm bites you.
You die...

...# ### #># #
###.#####.## #.#
.##.#.#..........###.#
.......$...##.....##.#
###.....##w#..........
♣.♣.♣.##.##......###
.......##.###...#.# #
♣#♣#♣#♣###○# ##.##.# .
#°@w○○§§# ####....
######### #..#. #..(.
#..#.


You could see a worm.

Vanquished Creatures
  2 adders (D:2)
  A ball python (D:1)
  2 endoplasms (D:1)
  A goblin (D:1)
  4 hobgoblins
  2 quokkas
  A frilled lizard (D:1)
  4 kobolds
  A rat (D:1)
18 creatures vanquished.

Vanquished Creatures (collateral kills)
  A dart slug (D:1)
  2 goblins
3 creatures vanquished.

Grand Total: 21 creatures vanquished

Notes
Turn   | Place    | Note
-------+----------+-------------------------------------------
     0 | D:1      | MisterAzrael the Mummy Necromancer began the quest for the
                  | Orb.
     0 | D:1      | Reached XP level 1. HP: 13/13 MP: 4/4
   291 | D:1      | Reached XP level 2. HP: 19/19 MP: 0/6
   973 | D:2      | Gained mutation: You are in touch with the powers of death.
                  | [Mummy growth]
   973 | D:2      | Reached XP level 3. HP: 23/24 MP: 2/7
   986 | D:3      | Learned a level 3 spell: Vampiric Draining
  1046 | D:2      | Slain by a worm

Illustrated notes

Levels and vault maps discovered:
D:1:      spicycebolla_arrival_risky_transporter, layout_basic
D:2:      layout_loops_cross, serial_forest, infiniplex_forest_clump_tiny,
          infiniplex_forest_straight_2, infiniplex_forest_lined_2,
          infiniplex_forest_join, infiniplex_forest_straight_1,
          infiniplex_forest_lined_3_way, chequers_ecumenical_altar_grove,
          due_unseen_surprise, uniq_crazy_yiuf_cottage
D:3:      layout_loops_ring

Skill      XL: |  1 |
---------------+----+-----
Spellcasting   | 3 |  3.5
Dodging        | |  1.5
Stealth        | |  1.5
Necromancy     | |  4.8

Action                   || total
-------------------------++-------
Melee: Unarmed           ||     4
       Staff             ||     5
 Cast: Necrotise         ||    41
       Vampiric Draining ||     1
  Use: Scroll            ||     3
Armor: Robe              ||     2
Dodge: Dodged            ||    24

Table legend: (Time is in decaauts)
 A = Elapsed time spent in this place.
 B = Non-inter-level travel time spent in this place.
 C = Inter-level travel time spent in this place.
 D = Time resting spent in this place.
 E = Time spent auto-exploring this place.
 F = Levels seen in this place.
 G = Mean time per level.
                   A        B        C        D        E       F      G
               +--------+--------+--------+--------+--------+-----+--------+
         Total |   1046 |   1046 |      0 |    105 |    754 |   3 |  348.7 |
       Dungeon |   1046 |   1046 |      0 |    105 |    754 |   3 |  348.7 |
               +--------+--------+--------+--------+--------+-----+--------+

Top non-repeatable levels by time:
     D:1: 636 daAuts
     D:2: 404 daAuts
     D:3: 5 daAuts
